Workbook
Name __________________A1: IF([0]!Values_Entered,Header_Row+[0]!Number_of_Payments,Header_Row)
Name __________________G1: DATE(YEAR(Loan_Start),MONTH(Loan_Start)+Payment_Number,DAY(Loan_Start))
Name __________________v1: IF(__________________v8,Header_Row+__________________v4,Header_Row)
Name __________________v2: IF(__________________v8,Header_Row+__________________v4,Header_Row)
Name __________________v4: MATCH(0.01,[0]!End_Bal,-1)+1
Name __________________v5: DATE(YEAR(Loan_Start),MONTH(Loan_Start)+Payment_Number,DAY(Loan_Start))
Name __________________v6: OFFSET([0]!Full_Print,0,0,__________________v2)
Name __________________v8: IF(Loan_Amount*[0]!Interest_Rate*Loan_Years*Loan_Start>0,1,0)
Name __________________w1: IF(__________________w7,Header_Row+__________________w3,Header_Row)
Name __________________w2: IF(__________________w7,Header_Row+__________________w3,Header_Row)
Name __________________w3: MATCH(0.01,[0]!End_Bal,-1)+1
Name __________________w4: DATE(YEAR(Loan_Start),MONTH(Loan_Start)+Payment_Number,DAY(Loan_Start))
Name __________________w5: OFFSET([0]!Full_Print,0,0,__________________w2)
Name __________________w7: IF(Loan_Amount*[0]!Interest_Rate*Loan_Years*Loan_Start>0,1,0)
Name __________________X1: IF(__________________X7,Header_Row+__________________X3,Header_Row)
Name __________________X2: IF(__________________X7,Header_Row+__________________X3,Header_Row)
Name __________________X3: MATCH(0.01,[0]!End_Bal,-1)+1
Name __________________X4: DATE(YEAR(Loan_Start),MONTH(Loan_Start)+Payment_Number,DAY(Loan_Start))
Name __________________X5: OFFSET([0]!Full_Print,0,0,__________________X2)
Name __________________X7: IF(Loan_Amount*[0]!Interest_Rate*Loan_Years*Loan_Start>0,1,0)
Name __________________y2: IF(__________________y7,Header_Row+__________________y3,Header_Row)
Name __________________y3: MATCH(0.01,[0]!End_Bal,-1)+1
Name __________________y4: DATE(YEAR(Loan_Start),MONTH(Loan_Start)+Payment_Number,DAY(Loan_Start))
Name __________________y5: OFFSET([0]!Full_Print,0,0,__________________y2)
Name __________________y7: IF(Loan_Amount*[0]!Interest_Rate*Loan_Years*Loan_Start>0,1,0)
Name __________________z1: IF(__________________z7,Header_Row+__________________z3,Header_Row)
Name __________________z2: IF(__________________z7,Header_Row+__________________z3,Header_Row)
Name __________________z3: MATCH(0.01,[0]!End_Bal,-1)+1
Name __________________z4: DATE(YEAR(Loan_Start),MONTH(Loan_Start)+Payment_Number,DAY(Loan_Start))
Name __________________z5: OFFSET([0]!Full_Print,0,0,__________________z2)
Name __________________z7: IF(Loan_Amount*[0]!Interest_Rate*Loan_Years*Loan_Start>0,1,0)
Name ________________A1: IF([0]!Values_Entered,Header_Row+[0]!Number_of_Payments,Header_Row)
Name ________________G1: DATE(YEAR(Loan_Start),MONTH(Loan_Start)+Payment_Number,DAY(Loan_Start))
Name ________________v1: IF(________________v8,Header_Row+________________v4,Header_Row)
Name ________________v2: IF(________________v8,Header_Row+________________v4,Header_Row)
Name ________________v4: MATCH(0.01,[0]!End_Bal,-1)+1
Name ________________v5: DATE(YEAR(Loan_Start),MONTH(Loan_Start)+Payment_Number,DAY(Loan_Start))
Name ________________v6: OFFSET([0]!Full_Print,0,0,________________v2)
Name ________________v8: IF(Loan_Amount*[0]!Interest_Rate*Loan_Years*Loan_Start>0,1,0)
Name ________________w1: IF(________________w7,Header_Row+________________w3,Header_Row)
Name ________________w2: IF(________________w7,Header_Row+________________w3,Header_Row)
Name ________________w3: MATCH(0.01,[0]!End_Bal,-1)+1
Name ________________w4: DATE(YEAR(Loan_Start),MONTH(Loan_Start)+Payment_Number,DAY(Loan_Start))
Name ________________w5: OFFSET([0]!Full_Print,0,0,________________w2)
Name ________________w7: IF(Loan_Amount*[0]!Interest_Rate*Loan_Years*Loan_Start>0,1,0)
Name ________________X1: IF(________________X7,Header_Row+________________X3,Header_Row)
Name ________________X2: IF(________________X7,Header_Row+________________X3,Header_Row)
Name ________________X3: MATCH(0.01,[0]!End_Bal,-1)+1
Name ________________X4: DATE(YEAR(Loan_Start),MONTH(Loan_Start)+Payment_Number,DAY(Loan_Start))
Name ________________X5: OFFSET([0]!Full_Print,0,0,________________X2)
Name ________________X7: IF(Loan_Amount*[0]!Interest_Rate*Loan_Years*Loan_Start>0,1,0)
Name ________________y1: IF(__________________y7,Header_Row+__________________y3,Header_Row)
Name ________________y2: IF(________________y7,Header_Row+________________y3,Header_Row)
Name ________________y3: MATCH(0.01,[0]!End_Bal,-1)+1
Name ________________y4: DATE(YEAR(Loan_Start),MONTH(Loan_Start)+Payment_Number,DAY(Loan_Start))
Name ________________y5: OFFSET([0]!Full_Print,0,0,________________y2)
Name ________________y7: IF(Loan_Amount*[0]!Interest_Rate*Loan_Years*Loan_Start>0,1,0)
Name ________________z1: IF(________________z7,Header_Row+________________z3,Header_Row)
Name ________________z2: IF(________________z7,Header_Row+________________z3,Header_Row)
Name ________________z3: MATCH(0.01,[0]!End_Bal,-1)+1

Sheet Formato EPI-FR 03
C2: MINISTERIO DE TRANSPORTE | M2: CÓDIGO | N2: EPI-FR-03
C3: INSTITUTO NACIONAL DE VIAS
C4: OFICINA ASESORA DE PLANEACIÓN
C5: PROCESO DE PLANEACION INSTITUCIONAL Y GESTION PRESUPUESTAL | M5: VERSION | N5: 4
C6: IDENTIFICACION NECESIDADES DE INVERSION | M6: PAGINA | N6: 1 DE 4
B9: 1. COMPONENTE GENERAL DEL PROYECTO
B11: IDENTIFICACIÒN | C11: Proyecto Nuevo | F11: SI | H11: Modificación | M11: Actualización
C12: Vigencia Futura | H12: Vigencia Expirada | M12: Traslado
C13: Levantamiento Previo Concepto | H13: Otro | M13: Cuál?
B14: Imputación Presupuestal:
B15: Nombre del Proyecto de Inversión: | C15: =#REF! -> #REF!
B16: Código BPIN:
B17: Años de Inicio y Finalización del Proyecto: | C17: Inicio: 2016, Fin: 2016
B18: Año para el cual se realizará el trámite: | C18: 2016
B19: Localización del Proyecto: | C19: PR 39+0300, PR 60+0200 y PR 66+0800, de la vía Bucaramanga - San Alberto; Ruta 45A08.
B20: Unidad Responsable: | C20: Territotial Santander, Invias
B21: Fecha de Solicitud: | C21: Enero de 2016
B25: 2. INFORMACIÓN BASICA
B27: 2.1 Descripción del trámite a realizar
B28: (De forma concisa y clara mencione la necesidad, ej: Modificación, Vigencia Futura,Traslado, etc.)
B30: Sin información.
B40: 2.2 Justificación del Trámite
B42: Sin información.
B52: 2.3 Antecedentes
B54: Sin información.
B64: 2.4 Normativa Jurídica Aplicable
B66: Sin información.
B76: 2.5 Descripción del Proyecto
B78: El proyecto consiste en la “ATENCIÓN de OBRAS DE EMERGENCIA PARA LA CONSTRUCCIÓN DE MUROS DE CONTENCION Y OBRAS COMPLEMENTARIAS EN LOS PR 39+0300, PR 60+0200 y PR 66+0800 DE LA CARRETERA RÍO NEGRO - SAN ALBERTO, RUTA 45A, TRAMO 45A08, EN EL DEPARTAMENTO DE SANTANDER, con el fin de optimizar la transitabilidad de los vehículos y por ende aumentar la seguridad de los usuarios de las vías, disminuir los tiempos de viaje y costos de operación vehicular, que redundan en el aspecto socioeconómico de los habitantes del área de influencia del proyecto. Las cantidades de obra expuestas, se sustentan en la necesidad de construcción de muros de acuerdo a lo siguiente; PR 39+0300. Muro de contención en gaviones, apoyados en un concreto ciclópeo. L = 160 m y h = 6.00 m. PR 60+0200. Muro de contención en concreto reforzado. L = 18 m y h = 11.00 m. PR 66+0800. Muro de contención tipo pantalla. L = 60 m y h = 16.00 m.
... B89: (Incluya Población beneficiada en caso de presentarse)
C111: MINISTERIO DE TRANSPORTE | M111: CÓDIGO | N111: EPI-FR-03
C112: INSTITUTO NACIONAL DE VIAS
C113: OFICINA ASESORA DE PLANEACIÓN
C114: PROCESO DE PLANEACION INSTITUCIONAL Y GESTION PRESUPUESTAL | M114: VERSION | N114: 4
C115: IDENTIFICACION NECESIDADES DE INVERSION | M115: PAGINA | N115: 2 DE 4
B118: 3. INFORMACIÓN FINANCIERA
B120: En este módulo se deben registrar los recursos financieros que se han programado para el desarrollo de los componentes y actividades dentro del horizonte de evaluación del proyecto. Modifique o incorpore de acuerdo al trámite a realizar las tablas con los valores respectivos.
B123: Costo del Proyecto en Pesos (a partir de 2014): | C123: =#REF! -> #REF!
B125: Recursos Asignados en la Vigencia a tramitar en Pesos
B127: Valor del Tramite Solicitado en Pesos
B130: Recursos | C130: Fuente | H130: Valor Anterior al Trámite | M130: Valor del Tramite
C131: Recursos Nación
C132: Recursos Propios | H132: =C123 -> #REF! | M132: =H132 -> #REF!
C133: TOTAL PROYECTO | H133: =+H131+H132 -> #REF! | M133: =+M131+M132 -> #REF!
B136: Distribución | C136: Actividad | H136: Valor asignado anterior al trámite | M136: Valor del Trámite
H137: =H133 -> #REF! | M137: =M133 -> #REF!
C142: TOTAL PROYECTO | H142: =SUM(H137:L141) -> #REF! | M142: =SUM(M137:Q141) -> #REF!
B145: Regionalización de Recursos | C145: Departamento | D145: Recursos Nación | H145: Recursos Propios | I145: Valor asignado anterior al trámite | M145: Valor del Trámite
C146: SANTANDER | I146: =H142 -> #REF! | M146: =M142 -> #REF!
C155: TOTAL PROYECTO | D155: =SUM(D146:G154) -> 0 | H155: =SUM(H146:H154) -> 0 | I155: =SUM(I146:L154) -> #REF! | M155: =SUM(M146:M154) -> #REF!
B158: Disponibilidad Presupuestal que soporta el tramite (en caso de ser necesario) | C158: Fecha | D158: Número CDP/RP | F158: Objeto | J158: Nación o Propios | M158: Valor a Utilizar | N158: Valor Total CDP o RP
M159: =M155 -> #REF!
B169: 4. INFORMACIÓN TÉCNICA
B171: 4.1 Cadena de Valor
B173: Objetivo General:
B174: Objetivos Específicos: | C174: 1.
C175: 2.
C176: 3.
C179: DESCRIPCIÓN | M179: VALOR
B180: Productos y Entregables: | C180: 1.1 Estabilización de sitios críticos en la ruta 45A08, PR 39+0300, PR 60+0200 y PR 66+0800 | M180: =SUM(M186:Q197) -> #REF!
C181: 1.2
C182: 2.1
C183: 2.2
C184: 3.1
C185: 3.2
B186: Actividades: | C186: I - EXPLANACIONES | M186: =#REF! -> #REF!
C187: II- SUBBASES, BASES Y AFIRMADOS | M187: =#REF! -> #REF!
C188: III - PAVIMENTOS ASFALTICOS | M188: =#REF! -> #REF!
C189: IV - ESTRUCTURAS Y DRENAJES | M189: =#REF! -> #REF!
C190: V- SEÑALIZACIÓN Y SEGURIDAD | M190: =#REF! -> #REF!
C191: VI - ESTRUCTURAS Y DRENAJES | M191: =#REF! -> #REF!
C192: VII - TRANSPORTE | M192: =#REF! -> #REF!
C193: PROVISIÓN PARA AJUSTES, OBRAS COMPLEMENTARIAS Y/O ADICIONALES, (INCLUYE OBRAS AMBIENTALES DEL PAGA) | M193: =#REF! -> #REF!
C194: VALOR IVA (OBRA) (16% SOBRE UTILIDAD OBRA) | M194: =#REF! -> #REF!
C195: VALOR DISEÑOS PARA REHABILITACIÓN DE CARRETERAS (INCLUYE IVA). | M195: =#REF! -> #REF!
C196: VALOR INTERVENTORIA (18% VALOR TOTAL OBRA) | M196: =#REF! -> #REF!
C208: MINISTERIO DE TRANSPORTE | M208: CÓDIGO | N208: EPI-FR-03
C209: INSTITUTO NACIONAL DE VIAS
C210: OFICINA ASESORA DE PLANEACIÓN
C211: PROCESO DE PLANEACION INSTITUCIONAL Y GESTION PRESUPUESTAL | M211: VERSION | N211: 4
C212: IDENTIFICACION NECESIDADES DE INVERSION | M212: PAGINA | N212: 3 DE 4
B215: 4.2 Indicadores
B217: 4.2.1 Indicadores de Producto (Un producto puede tener varios indicadores)
B219: Producto | C219: Indicador | H219: Unidad de Medida | I219: Cantidad total Proyecto | M219: Cantidad para la vigencia | N219: Ponderación
B220: 1.1 Kilómetros de Red Vial Nacional Primaria intervenidos con Mantenimiento Periódico y/o mejoramiento | H220: km | I220: 4.6 | M220: 4.6 | N220: =I220/M220 -> 1
B223: 1.2
B226: 2.1
B229: 2.2
B232: 3.1
B235: 3.2
B238: TOTAL PROYECTO | N238: =SUM(N220:Q237) -> 1
B241: 4.2.2 Indicadores de Gestión
B243: Indicador | H243: Unidad de Medida | I243: Cantidad total Proyecto | M243: Cantidad para la vigencia | N243: Ponderación
B244: 1. Procesos contractuales adjudicados
B245: 2. Informes de interventoria revisado
B247: TOTAL PROYECTO | N247: =SUM(N244:Q246) -> 0
B250: 4.2.3 Ponderación de Indicadores
B252: Indicadores de Producto | H252: Indicadores de Gestión | N252: Total
B255: TOTAL PROYECTO | N255: =SUM(N253:Q254) -> 0
B258: 4.2.4 Regionalización de Indicadores de Producto
...

Sheet Hoja1
C3: CALCULO CANTIDADES DE OBRA
B5: No. | C5: ITEMS | D5: PR | F5: L | G5: A | H5: E | J5: VOL | K5: VALOR | L5: VR TOTAL
B6: 1 | C6: DEM ESTRUC | F6: 200 | G6: 1.4 | H6: 0.1 | J6: =F6*G6*H6 -> 28
C7: CUNETAS | F7: 200 | G7: 1.4 | H7: 0.1 | J7: =F7*G7*H7 -> 28
C8: MURO CONCRETO CLASE | F8: 30 | G8: 1.8 | H8: 0.2 | J8: =F8*G8*H8 -> 10.8
F9: 30 | G9: 0.6 | H9: 0.3 | J9: =F9*G9*H9 -> 5.4
J10: =SUM(J8:J9) -> 16.2
C12: ITEMS | D12: PR | F12: L | G12: A | H12: E | I12: AREA | J12: VOL | K12: VALOR | L12: VR TOTAL
C13: BASE ABIERTA ASFALTICA | D13: 14500 | E13: 15500 | F13: =E13-D13 -> 1000 | G13: 9 | H13: 0.2 | J13: =F13*G13*H13 -> 1800
C14: CARPETA ASFALTICA | D14: 14500 | E14: =E13 -> 15500 | F14: =E14-D14 -> 1000 | G14: 9 | H14: 0.1 | J14: =F14*G14*H14 -> 900
C15: IMPRIMACION | D15: 14500 | E15: =E14 -> 15500 | F15: =E15-D15 -> 1000 | G15: 9 | I15: =F15*G15 -> 9000
C16: FRESADO | D16: 14500 | E16: =E15 -> 15500 | F16: =E16-D16 -> 1000 | G16: 9 | H16: 0.3 | J16: =F16*G16*H16 -> 2700
C17: GEOTEXTIL | D17: 14500 | E17: =E16 -> 15500 | F17: =E17-D17 -> 1000 | G17: 9 | I17: =F17*G17 -> 9000
E18: =E17 -> 15500
C19: CARPETA ASFALTICA | D19: 14500 | E19: =E18 -> 15500 | F19: =E19-D19 -> 1000 | G19: 1 | H19: 3.5 | J19: =F19*G19*H19 -> 3500
C24: ITEMS | D24: PR | F24: L | G24: A | H24: E | J24: VOL | K24: VALOR | L24: VR TOTAL
C25: EXC REP PAV EXIS | D25: 0 | E25: 67170 | J25: 200 | N25: 0.1 | O25: 0.1
C26: MEZCLA BACHEO | D26: 0 | E26: 67170 | J26: =J25*0.5 -> 100
C27: BASE GRANULAR | J27: =J25*0.5 -> 100

Sheet PRESUPUESTO
A1: INSTITUTO NACIONAL DE VIAS
A2: SUBDIRECCION RED NACIONAL DE CARRETERAS
A3: DIRECCION TERRITORIAL BOLIVAR
A6: OBJETO: ATENCIÓN OBRAS DE EMERGENCIA EN LA VIA PUERTA DE HIERRO - MAGANGUE - YATI RUTA 7802 A CARGO DE INVIAS TERRITORIAL BOLIVAR
A8: PRESUPUESTO OFICIAL
A11: No | B11: ITEM DE PAGO | C11: ESPECIFICACIONES | E11: DESCRIPCION | F11: UNID | G11: CANTIDAD | H11: VALOR UNITARIO | I11: VALOR TOTAL
C12: GENERAL 2013 | D12: PARTICULAR
A14: 1 - EXPLANACIONES | I14: =I15 -> 523781
A15: 1 | B15: 201.2 | C15: 201-14 | E15: DEMOLICION DE ESTRUCTURAS | F15: M3 | G15: 3 | H15: ='201.2'!N88 -> 174593.83 | I15: =ROUND(G15*H15,0) -> 523781
A16: 2 - ESTRUCTURAS Y DRENAJES | I16: =I17+I18+I19+I20+I21+I22 -> 63151481
A17: 2 | B17: 600.1.1 | C17: 600-14 | E17: EXCAVACIONES VARIAS SIN CLASIFICAR | F17: M3 | G17: 102 | H17: ='600.1.1'!N85 -> 38025.938 | I17: =ROUND(G17*H17,0) -> 3878646
A18: 3 | B18: 610.1 | C18: 610-14 | E18: RELLENO PARA ESTRUCTURAS | F18: M3 | G18: 250 | H18: ='610.1'!N89 -> 71170.195 | I18: =ROUND(G18*H18,0) -> 17792549
A19: 4 | B19: 630.4 | C19: 630-14 | E19: CONCRETO CLASE D resistencia 21 Mpa | F19: M3 | G19: 28 | H19: ='630.4'!N89 -> 803408.22 | I19: =ROUND(G19*H19,0) -> 22495430
A20: 5 | B20: 640.1 | C20: 640-14 | E20: ACERO DE REFUERZO FY= 420 MPA | F20: Kg | G20: 687 | H20: ='640.1'!N90 -> 6432.1174 | I20: =ROUND(G20*H20,0) -> 4418865
A21: 6 | B21: 672.3 | C21: 672-14 | E21: BORDILLO DE CONCRETO VACIADA IN SITU; INCLUYE LA PREPARACIÓN DE LA SUPERFICIE DE APOYO | F21: Ml | G21: 10 | H21: ='672.3'!N87 -> 42297.617 | I21: =ROUND(G21*H21,0) -> 422976
A22: 7 | B22: 681.1 | C22: 681-14 | E22: GAVIONES DE MALLA DE ALAMBRE DE ACERO ENTRELAZADO CLASE 1: RECUBRIMIENTO DE ZINC (GALVANIZADO) | F22: M3 | G22: 60 | H22: ='681.1'!N89 -> 235716.91 | I22: =ROUND(G22*H22,0) -> 14143015
A23: 3 - PAVIMENTOS ASFALTICOS | I23: =I24 -> 813922
A24: 8 | B24: 465.1 | C24: 465-14 | E24: Excavación para reparación de pavimento asfaltico existente incluyendo el corte y la remoción de las capas asfálticas | F24: M3 | G24: 9 | H24: ='465.1'!N92 -> 90435.739 | I24: =ROUND(G24*H24,0) -> 813922
H25: SUBTOTAL OBRAS | I25: =I14+I16+I23 -> 64489184
A26: PROVISIÓN PARA AJUSTES, OBRAS COMPLEMENTARIAS Y/O ADICIONALES, (INCLUYE OBRAS AMBIENTALES DEL PAGA) | I26: 5000000
A29: VALOR TOTAL BÁSICO DE OBRAS | I29: =+I26+I25 -> 69489184
A30: VALOR IVA (OBRA) (19% SOBRE UTILIDAD OBRA) | I30: =ROUND((+I29/(1+I38)*I37*0.19),0) -> 505860
A31: SUBTOTAL OBRAS (INCLUYE IVA) | I31: =+I29+I30 -> 69995044
A32: VALOR TOTAL DEL CONTRATO | I32: =ROUND((I31),0) -> 69995044
A33: VALOR TOTAL EN LETRAS: | D33: SESENTA Y NUEVE MILLONES NOVECIENTOS NOVENTA Y CINCO MIL CUARENTA Y CUATRO PESOS ML
A34: NOTA 1: Teniendo en cuenta el Manual de Señalización Vial - Dispositivos para la Regulación del Tránsito en Calles, Carreteras y Ciclorrutas de Colombia, adoptado mediante Resolución No. 001050 del 5 de mayo de 2004 del Ministerio de Transporte, se aclara que el aparte de SEÑALIZACIÓN se debe ajustar a todo su contenido, esta señalización debe colocarse desde la órden de iniciación del contrato. | F34: DESCRIPCION | I34: PORCENTAJE
A35: NOTA 2: El control de tráfico temporal y la señalización provisional necesarios para la ejecución de las obras será por cuenta y riesgo del contratista. | F35: ADMINISTRACION | H35: A= | I35: 0.205
A36: NOTA 3: Se debe tener en cuenta que el PRECIO UNITARIO incluye el valor de A.I.U. | F36: IMPREVISTO | H36: I= | I36: 0.05
A37: NOTA 4: Si el valor del A.I.U. presentado es menor al OCHENTA Y CINCO por ciento (85%) o mayor al Ciento diez por ciento (110%) del Valor Oficial del Porcentaje de A.I.U., establecido en el formulario No 1 "presupuesto oficial", la propuesta será rechazada | F37: UTILIDAD | H37: U= | I37: 0.05
A38: NOTA 5: Las OBRAS COMPLEMENTARIAS Y/O ADICIONALES incluyen las obras ambientales del PAGA, las cuales se pagarán por precios unitarios, previamente revisados y aprobados por la Interventoría, y revisados por la Subdirección de Medio Ambiente y Gestión Social y la Unidad Ejecutora respectiva. | F38: TOTAL A.I.U | H38: A.I.U.= | I38: =SUM(I35:I37) -> 0.305
A39: NOTA 6. Cuando la fracción decimal del peso sea igual o superior a 5 se aproximara por exceso al número entero siguiente del peso y cuando la fracción decimal del peso sea inferior a 5 se aproximará por defecto al número entero del peso.
A40: NOTA 7. El A.I.U y su discriminación deben estar en porcentaje (%).

Sheet 201.2
K1: CÓDIGO | L1: MINFRA-MN-IN-10-FR-1
C2: INSTITUTO NACIONAL DE VIAS
C3: PROCESO GESTIÓN DE LA INFRAESTRUCTURA VIAL | K3: VERSIÓN | L3: 1
C4: MANUAL DE INTERVENTORÍA OBRA PÚBLICA
C5: ANÁLISIS DE PRECIOS UNITARIOS | K5: PÁGINA | M5: DE
K8: FECHA
L9: (Día) | M9: (Mes) | N9: (Año)
B10: ITEMS DE LA PROPUESTA ECONÓMICA | F10: □ | I10: ITEMS NO PREVISTOS | K10: □
B11: UNIDAD EJECUTORA: | J11: DIRECCIÓN TERRITORIAL:
B14: CONTRATO No. | D14: DE
B15: OBJETO DEL CONTRATO: | D15: ATENCIÓN OBRAS DE EMERGENCIA EN LA VIA PUERTA DE HIERRO - MAGANGUE - YATI RUTA 7802 A CARGO DE INVIAS TERRITORIAL BOLIVAR
B18: CARRETERA: | J18: SECTOR:
B20: CONTRATISTA:
B22: INTERVENTOR: | K22: CTO No.: | M22: DE
B24: FECHA CIERRE PROCESO DE SELECCIÓN CONTRATO DE OBRA:
F25: (Día) | I25: (Mes) | J25: (Año)
B27: DATOS ESPECÍFICOS
B29: ITEM | C29: DESCRIPCIÓN | K29: GRUPO DE AJUSTE | L29: UNIDAD | N29: CANTIDAD
B30: ITEM | C30: DESCRIPCIÓN | L30: UNIDAD | N30: CANTIDAD
A31: Unidad | B31: 201.2 | C31: DEMOLICIÓN DE ESTRUCTURAS | L31: gl
B33: I. EQUIPO
B35: DESCRIPCIÓN | I35: TIPO | K35: TARIFA/HORA | L35: RENDIMIENTO | N35: Vr. UNITARIO
A36: C0010790 | B36: =VLOOKUP(A36,[68]EQUIPOS!A6:D154,3,FALSE) -> Retroexcavadora sobre oruga, potencia 138 HP, balde de 1,5 m3. | K36: =VLOOKUP(A36,[68]EQUIPOS!A6:D161,4,FALSE) -> 195000 | M36: 2.5 | N36: =K36/M36 -> 78000
A37: C0010270 | B37: =VLOOKUP(A37,[68]EQUIPOS!A7:D154,3,FALSE) -> Compresor 120 HP, con martillo. | K37: =VLOOKUP(A37,[68]EQUIPOS!A7:D162,4,FALSE) -> 97000 | M37: 2.5 | N37: =K37/M37 -> 38800
A38: C0010330 | B38: =VLOOKUP(A38,[68]EQUIPOS!A8:D154,3,FALSE) -> Equipo de oxicorte, Capacidad de corte: hasta 6´´ (152mm) | K38: =VLOOKUP(A38,[68]EQUIPOS!A8:D163,4,FALSE) -> 8896.7365 | M38: 2.5 | N38: =K38/M38 -> 3558.6946
B42: HERRAMIENTA MENOR (%) | L42: 0.02 | N42: =N76*L42 -> 245.68
B43: SUBTOTAL $ | N43: =SUM(N36:N42) -> 120604.37
B45: II. MATERIALES
B47: DESCRIPCIÓN | J47: UNIDAD | K47: CANTIDAD | L47: PRECIO UNIT. | N47: Vr. UNITARIO
B54: SUBTOTAL $
B56: III. TRANSPORTES
B58: MATERIAL | H58: UNIDAD | I58: CANTIDAD (1) | J58: DISTANCIA (2) | K58: (1) * (2) | L58: TARIFA | N58: Vr. UNITARIO
A59: T0010032 | B59: =VLOOKUP(A59,[68]TRANSPORTE!A5:D94,3,FALSE) -> Transporte de material de demolición | H59: =VLOOKUP(A59,[68]TRANSPORTE!A6:D120,2,FALSE) -> m3k | I59: 1 | J59: 1 | K59: =I59*J59 -> 1 | L59: 900 | N59: =K59*L59 -> 900
B65: SUBTOTAL $ | N65: =N59+N60+N61+N62+N63 -> 900
B67: IV. MANO DE OBRA
B69: TRABAJADOR | I69: JORNAL | J69: PRESTACIONES (%) | K69: JORNAL TOTAL | L69: RENDIMIENTO | N69: Vr. UNITARIO
A70: A0030030 | B70: =VLOOKUP(A70,'[68]MANO DE OBRA'!A8:D68,3,FALSE) -> Obrero (3) | I70: =K70/J70*100 -> 81000 | J70: 185 | K70: 149850 | M70: 20 | N70: =K70/M70 -> 7492.5
A71: A0040010 | B71: =VLOOKUP(A71,'[68]MANO DE OBRA'!A8:D69,3,FALSE) -> Oficial | I71: =K71/J71*100 -> 51800 | J71: 185 | K71: 95830 | M71: 20 | N71: =K71/M71 -> 4791.5
B76: SUBTOTAL $ | N76: =N70+N71+N72+N73+N74 -> 12284
B78: TOTAL COSTO DIRECTO $ | N78: =N43+N54+N65+N76 -> 133788.37
B80: V. COSTOS INDIRECTOS
B82: Descripción | K82: Porcentaje | L82: Valor Total
B83: ADMINISTRACION | K83: 0.205 | L83: =N78*K83 -> 27426.617
B84: IMPREVISTOS | K84: 0.05 | L84: =N78*K84 -> 6689.4187
B85: UTILIDAD | K85: 0.05 | L85: =N78*K85 -> 6689.4187
B86: SUBTOTAL $ | N86: =L83+L84+L85 -> 40805.454
A88: PFinal01 | B88: Precio Unitario Total Aproximado al Peso $ | N88: =N78+N86 -> 174593.83
E93: Firma
E94: Nombre:
E95: Representante Legal del Contratista o su Apoderado
E96: Matricula No. :
B98: OBSERVACIONES INTERVENTORÍA:
B104: APROBACIÓN POR INTERVENTORÍA
B105: Nota 1: Cuando se trate de Análisis de precios unitarios correspondientes a ítems de la propuesta económica aprobada, el Interventor aprueba el desglose de los componentes manteniendo el mismo precio unitario de cada ítem, cumpliendo con las especificaciones de construcción vigentes para el proyecto.
B107: Nota 2: Cuando se trate de Análisis de precios unitarios de ítems no previstos, el Interventor aprueba el desglose y precio unitario de cada ítem no previsto, exigiendo la aplicación de los costos correspondientes a insumos y tarifas de la propuesta económica inicial cuando estén contemplados, cumpliendo con las especificaciones de construcción vigente para el proyecto.
E113: Firma
E114: Nombre:
E115: Representante Legal del Interventor o su Apoderado
E116: Matricula No. :
B118: Original: Archivo de Gestión del Contrato (Subdirección Administrativa).
B119: Copias: Unidad Ejecutora, Contratista, Interventor y Dirección Territorial.

Sheet 465.1
K1: CÓDIGO | L1: MINFRA-MN-IN-10-FR-1
C2: INSTITUTO NACIONAL DE VIAS
C3: PROCESO GESTIÓN DE LA INFRAESTRUCTURA VIAL | K3: VERSIÓN | L3: 1
C4: MANUAL DE INTERVENTORÍA OBRA PÚBLICA
C5: ANÁLISIS DE PRECIOS UNITARIOS | K5: PÁGINA | M5: DE
K8: FECHA
L9: (Día) | M9: (Mes) | N9: (Año)
B10: ITEMS DE LA PROPUESTA ECONÓMICA | F10: □ | I10: ITEMS NO PREVISTOS | K10: □
B11: UNIDAD EJECUTORA: | J11: DIRECCIÓN TERRITORIAL:
B14: CONTRATO No. | D14: DE
B15: OBJETO DEL CONTRATO: | D15: ATENCIÓN OBRAS DE EMERGENCIA EN LA VIA PUERTA DE HIERRO - MAGANGUE - YATI RUTA 7802 A CARGO DE INVIAS TERRITORIAL BOLIVAR
B18: CARRETERA: | J18: SECTOR:
B20: CONTRATISTA:
B22: INTERVENTOR: | K22: CTO No.: | M22: DE
B24: FECHA CIERRE PROCESO DE SELECCIÓN CONTRATO DE OBRA:
F25: (Día) | I25: (Mes) | J25: (Año)
B27: DATOS ESPECÍFICOS
B29: ITEM | C29: DESCRIPCIÓN | K29: GRUPO DE AJUSTE | L29: UNIDAD | N29: CANTIDAD
B30: ITEM | C30: DESCRIPCIÓN | L30: UNIDAD | N30: CANTIDAD
A31: Unidad | B31: 465.1 | C31: Excavación para Reparación de Pavimento Asfáltico existente Incluyendo el corte y la remociòn de las capas asfalticas subyacentes | L31: m3
B33: I. EQUIPO
B35: DESCRIPCIÓN | I35: TIPO | K35: TARIFA/HORA | L35: RENDIMIENTO | N35: Vr. UNITARIO
A36: C0010210 | B36: =VLOOKUP(A36,[68]EQUIPOS!A6:D154,3,FALSE) -> Compactador manual de rodillo | K36: =VLOOKUP(A36,[68]EQUIPOS!A6:D163,4,FALSE) -> 22060.353 | M36: 2 | N36: =K36/M36 -> 11030.176
A37: C0010270 | B37: =VLOOKUP(A37,[68]EQUIPOS!A7:D154,3,FALSE) -> Compresor 120 HP, con martillo. | K37: =VLOOKUP(A37,[68]EQUIPOS!A7:D164,4,FALSE) -> 97000 | M37: 4 | N37: =K37/M37 -> 24250
A38: C0010290 | B38: =VLOOKUP(A38,[68]EQUIPOS!A8:D154,3,FALSE) -> Cortadora de pavimento, Máxima profundidad de corte: 160 mm. Capacidad de disco: desde 12´´ hasta 18´´ de diámetro. Peso operacional: 135 kg, 13.5 hp de potencia | K38: =VLOOKUP(A38,[68]EQUIPOS!A8:D165,4,FALSE) -> 20160.374 | M38: 10 | N38: =K38/M38 -> 2016.0374
A39: C0010750 | B39: =VLOOKUP(A39,[68]EQUIPOS!A9:D154,3,FALSE) -> Retrocargador, pala de 1,1 m3 de capacidad, profundidad de excavación de 4.400 mm y una altura de 5.680 mm | K39: =VLOOKUP(A39,[68]EQUIPOS!A9:D166,4,FALSE) -> 112000 | M39: 10 | N39: =K39/M39 -> 11200
A40: C0010052 | B40: =VLOOKUP(A40,[68]EQUIPOS!A10:D154,3,FALSE) -> Buldozer, Potencia al volante de 140 HP, motor de 2200 RPM, longitud de hoja 4,80m. | K40: =VLOOKUP(A40,[68]EQUIPOS!A10:D167,4,FALSE) -> 190000 | M40: 100 | N40: =K40/M40 -> 1900
B46: HERRAMIENTA MENOR (%) | M46: 0.1 | N46: =N80*M46 -> 1220.8909
B48: SUBTOTAL $ | N48: =SUM(N36:N47) -> 51617.105
B50: II. MATERIALES
B52: DESCRIPCIÓN | J52: UNIDAD | K52: CANTIDAD | L52: PRECIO UNIT. | N52: Vr. UNITARIO
A53: B0013790 | B53: =VLOOKUP(A53,[68]MATERIALES!A5:D373,3,FALSE) -> Derechos de explotación y/o disposición de materiales | J53: =VLOOKUP(A53,[68]MATERIALES!A7:D645,2,FALSE) -> m3 | K53: 1 | M53: =VLOOKUP(A53,[68]MATERIALES!A5:D396,4,FALSE) -> 3978.4033 | N53: =K53*M53 -> 3978.4033
B58: SUBTOTAL $ | N58: =SUM(N53:N57) -> 3978.4033
B60: III. TRANSPORTES
B62: MATERIAL | H62: UNIDAD | I62: CANTIDAD (1) | J62: DISTANCIA (2) | K62: (1) * (2) | L62: TARIFA | N62: Vr. UNITARIO
A63: T0010025 | B63: =VLOOKUP(A63,[68]TRANSPORTE!A5:D117,3,FALSE) -> Transporte de material de excavación | H63: m3km | I63: 1.3 | J63: 1 | K63: =I63*J63 -> 1.3 | L63: 1150 | N63: =K63*L63 -> 1495
B69: SUBTOTAL $ | N69: =N63+N64+N65+N66+N67 -> 1495
B71: IV. MANO DE OBRA
B73: TRABAJADOR | I73: JORNAL | J73: PRESTACIONES (%) | K73: JORNAL TOTAL | L73: RENDIMIENTO | N73: Vr. UNITARIO
A74: A0030060 | B74: =VLOOKUP(A74,'[68]MANO DE OBRA'!A8:D68,3,FALSE) -> Obrero (6) | I74: =K74/J74*100 -> 162000 | J74: 185 | K74: 299700 | M74: 32 | N74: =K74/M74 -> 9365.625
A75: A0040010 | B75: =VLOOKUP(A75,'[68]MANO DE OBRA'!A8:D69,3,FALSE) -> Oficial | I75: =K75/J75*100 -> 49181.133 | J75: 185 | K75: =VLOOKUP(A75,'[68]MANO DE OBRA'!A8:D100,4,FALSE) -> 90985.097 | M75: 32 | N75: =K75/M75 -> 2843.2843
B80: SUBTOTAL $ | N80: =SUM(N74:N79) -> 12208.909
B82: TOTAL COSTO DIRECTO $ | N82: =N48+N58+N69+N80 -> 69299.417
B84: V. COSTOS INDIRECTOS
B86: Descripción | K86: Porcentaje | L86: Valor Total
B87: ADMINISTRACION | K87: 0.205 | L87: =N82*K87 -> 14206.381
B88: IMPREVISTOS | K88: 0.05 | L88: =N82*K88 -> 3464.9709
B89: UTILIDAD | K89: 0.05 | L89: =N82*K89 -> 3464.9709
B90: SUBTOTAL $ | N90: =L87+L88+L89 -> 21136.322
A92: PFinal01 | B92: Precio Unitario Total Aproximado al Peso $ | N92: =N82+N90 -> 90435.739
E97: Firma
E98: Nombre:
E99: Representante Legal del Contratista o su Apoderado
E100: Matricula No. :
B102: OBSERVACIONES INTERVENTORÍA:
B108: APROBACIÓN POR INTERVENTORÍA
B109: Nota 1: Cuando se trate de Análisis de precios unitarios correspondientes a ítems de la propuesta económica aprobada, el Interventor aprueba el desglose de los componentes manteniendo el mismo precio unitario de cada ítem, cumpliendo con las especificaciones de construcción vigentes para el proyecto.
B111: Nota 2: Cuando se trate de Análisis de precios unitarios de ítems no previstos, el Interventor aprueba el desglose y precio unitario de cada ítem no previsto, exigiendo la aplicación de los costos correspondientes a insumos y tarifas de la propuesta económica inicial cuando estén contemplados, cumpliendo con las especificaciones de construcción vigente para el proyecto.
E117: Firma
E118: Nombre:
E119: Representante Legal del Interventor o su Apoderado
E120: Matricula No. :
B122: Original: Archivo de Gestión del Contrato (Subdirección Administrativa).
B123: Copias: Unidad Ejecutora, Contratista, Interventor y Dirección Territorial.

Sheet 600.1.1
K1: CÓDIGO | L1: MINFRA-MN-IN-10-FR-1
C2: INSTITUTO NACIONAL DE VIAS
C3: PROCESO GESTIÓN DE LA INFRAESTRUCTURA VIAL | K3: VERSIÓN | L3: 1
C4: MANUAL DE INTERVENTORÍA OBRA PÚBLICA
C5: ANÁLISIS DE PRECIOS UNITARIOS | K5: PÁGINA | M5: DE
K8: FECHA
L9: (Día) | M9: (Mes) | N9: (Año)
B10: ITEMS DE LA PROPUESTA ECONÓMICA | F10: □ | I10: ITEMS NO PREVISTOS | K10: □
B11: UNIDAD EJECUTORA: | J11: DIRECCIÓN TERRITORIAL:
B14: CONTRATO No. | D14: DE
B15: OBJETO DEL CONTRATO: | D15: ATENCIÓN OBRAS DE EMERGENCIA EN LA VIA PUERTA DE HIERRO - MAGANGUE - YATI RUTA 7802 A CARGO DE INVIAS TERRITORIAL BOLIVAR
B18: CARRETERA: | J18: SECTOR:
B20: CONTRATISTA:
B22: INTERVENTOR: | K22: CTO No.: | M22: DE
B24: FECHA CIERRE PROCESO DE SELECCIÓN CONTRATO DE OBRA:
F25: (Día) | I25: (Mes) | J25: (Año)
B27: DATOS ESPECÍFICOS
B29: ITEM | C29: DESCRIPCIÓN | K29: GRUPO DE AJUSTE | L29: UNIDAD | N29: CANTIDAD
B30: ITEM | C30: DESCRIPCIÓN | L30: UNIDAD | N30: CANTIDAD
A31: Unidad | B31: 600.1.1 | C31: Excavaciones Varias sin Clasificar | L31: m3
B33: I. EQUIPO
B35: DESCRIPCIÓN | I35: TIPO | K35: TARIFA/HORA | L35: RENDIMIENTO | N35: Vr. UNITARIO
A36: C0010270 | B36: =VLOOKUP(A36,[68]EQUIPOS!A6:D154,3,FALSE) -> Compresor 120 HP, con martillo. | K36: =VLOOKUP(A36,[68]EQUIPOS!A6:D163,4,FALSE) -> 97000 | M36: 35 | N36: =K36/M36 -> 2771.4286
A37: C0010790 | B37: =VLOOKUP(A37,[68]EQUIPOS!A7:D154,3,FALSE) -> Retroexcavadora sobre oruga, potencia 138 HP, balde de 1,5 m3. | K37: =VLOOKUP(A37,[68]EQUIPOS!A7:D164,4,FALSE) -> 195000 | M37: 35 | N37: =K37/M37 -> 5571.4286
B40: HERRAMIENTA MENOR (%) | M40: 0.01 | N40: =N73*M40 -> 6.6719677
B42: SUBTOTAL $ | N42: =SUM(N36:N41) -> 8349.5291
B44: II. MATERIALES
B46: DESCRIPCIÓN | J46: UNIDAD | K46: CANTIDAD | L46: PRECIO UNIT. | N46: Vr. UNITARIO
A47: B0013790 | B47: =VLOOKUP(A47,[68]MATERIALES!A5:D373,3,FALSE) -> Derechos de explotación y/o disposición de materiales | J47: =VLOOKUP(A47,[68]MATERIALES!A3:D639,2,FALSE) -> m3 | K47: 1.3 | M47: =VLOOKUP(A47,[68]MATERIALES!A5:D396,4,FALSE) -> 3978.4033 | N47: =K47*M47 -> 5171.9242
B51: SUBTOTAL $ | N51: =SUM(N47:N50) -> 5171.9242
B53: III. TRANSPORTES
B55: MATERIAL | H55: UNIDAD | I55: CANTIDAD (1) | J55: DISTANCIA (2) | K55: (1) * (2) | L55: TARIFA | N55: Vr. UNITARIO
A56: T0010025 | B56: =VLOOKUP(A56,[68]TRANSPORTE!A5:D117,3,FALSE) -> Transporte de material de excavación | H56: m3km | I56: 1.3 | J56: 10 | K56: =I56*J56 -> 13 | L56: 1150 | N56: =K56*L56 -> 14950
B62: SUBTOTAL $ | N62: =N56+N57+N58+N59+N60 -> 14950
B64: IV. MANO DE OBRA
B66: TRABAJADOR | I66: JORNAL | J66: PRESTACIONES (%) | K66: JORNAL TOTAL | L66: RENDIMIENTO | N66: Vr. UNITARIO
A67: A0030020 | B67: =VLOOKUP(A67,'[68]MANO DE OBRA'!A8:D68,3,FALSE) -> Obrero (2) | I67: =K67/J67*100 -> 49181.133 | J67: 185 | K67: =VLOOKUP(A67,'[68]MANO DE OBRA'!A8:D99,4,FALSE) -> 90985.097 | M67: 280 | N67: =K67/M67 -> 324.94677
A68: A0040010 | B68: =VLOOKUP(A68,'[68]MANO DE OBRA'!A8:D69,3,FALSE) -> Oficial | I68: =K68/J68*100 -> 51800 | J68: 185 | K68: 95830 | M68: 280 | N68: =K68/M68 -> 342.25
B73: SUBTOTAL $ | N73: =SUM(N67:N72) -> 667.19677
B75: TOTAL COSTO DIRECTO $ | N75: =N42+N51+N62+N73 -> 29138.65
B77: V. COSTOS INDIRECTOS
B79: Descripción | K79: Porcentaje | L79: Valor Total
B80: ADMINISTRACION | K80: 0.205 | L80: =N75*K80 -> 5973.4233
B81: IMPREVISTOS | K81: 0.05 | L81: =N75*K81 -> 1456.9325
B82: UTILIDAD | K82: 0.05 | L82: =N75*K82 -> 1456.9325
B83: SUBTOTAL $ | N83: =L80+L81+L82 -> 8887.2883
A85: PFinal01 | B85: Precio Unitario Total Aproximado al Peso $ | N85: =N75+N83 -> 38025.938
E90: Firma
E91: Nombre:
E92: Representante Legal del Contratista o su Apoderado
E93: Matricula No. :
B95: OBSERVACIONES INTERVENTORÍA:
B101: APROBACIÓN POR INTERVENTORÍA
B102: Nota 1: Cuando se trate de Análisis de precios unitarios correspondientes a ítems de la propuesta económica aprobada, el Interventor aprueba el desglose de los componentes manteniendo el mismo precio unitario de cada ítem, cumpliendo con las especificaciones de construcción vigentes para el proyecto.
B104: Nota 2: Cuando se trate de Análisis de precios unitarios de ítems no previstos, el Interventor aprueba el desglose y precio unitario de cada ítem no previsto, exigiendo la aplicación de los costos correspondientes a insumos y tarifas de la propuesta económica inicial cuando estén contemplados, cumpliendo con las especificaciones de construcción vigente para el proyecto.
E110: Firma
E111: Nombre:
E112: Representante Legal del Interventor o su Apoderado
E113: Matricula No. :
B115: Original: Archivo de Gestión del Contrato (Subdirección Administrativa).
B116: Copias: Unidad Ejecutora, Contratista, Interventor y Dirección Territorial.

Sheet 610.1
K1: CÓDIGO | L1: MINFRA-MN-IN-10-FR-1
C2: INSTITUTO NACIONAL DE VIAS
C3: PROCESO GESTIÓN DE LA INFRAESTRUCTURA VIAL | K3: VERSIÓN | L3: 1
C4: MANUAL DE INTERVENTORÍA OBRA PÚBLICA
C5: ANÁLISIS DE PRECIOS UNITARIOS | K5: PÁGINA | M5: DE
K8: FECHA
L9: (Día) | M9: (Mes) | N9: (Año)
B10: ITEMS DE LA PROPUESTA ECONÓMICA | F10: □ | I10: ITEMS NO PREVISTOS | K10: □
B11: UNIDAD EJECUTORA: | J11: DIRECCIÓN TERRITORIAL:
B14: CONTRATO No. | D14: DE
B15: OBJETO DEL CONTRATO: | D15: ATENCIÓN OBRAS DE EMERGENCIA EN LA VIA PUERTA DE HIERRO - MAGANGUE - YATI RUTA 7802 A CARGO DE INVIAS TERRITORIAL BOLIVAR
B18: CARRETERA: | J18: SECTOR:
B20: CONTRATISTA:
B22: INTERVENTOR: | K22: CTO No.: | M22: DE
B24: FECHA CIERRE PROCESO DE SELECCIÓN CONTRATO DE OBRA:
F25: (Día) | I25: (Mes) | J25: (Año)
B27: DATOS ESPECÍFICOS
B29: ITEM | C29: DESCRIPCIÓN | K29: GRUPO DE AJUSTE | L29: UNIDAD | N29: CANTIDAD
B30: ITEM | C30: DESCRIPCIÓN | L30: UNIDAD | N30: CANTIDAD
A31: Unidad | B31: 610.1 | C31: Rellenos para Estructuras con Suelo. | L31: m3
B33: I. EQUIPO
B35: DESCRIPCIÓN | I35: TIPO | K35: TARIFA/HORA | L35: RENDIMIENTO | N35: Vr. UNITARIO
A36: C0010200 | B36: =VLOOKUP(A36,[68]EQUIPOS!A6:D154,3,FALSE) -> Compactador manual (SALTARIN) Peso de operación (Kg.) 52, Fuerza de impacto por golpe (KN) 12. | K36: =VLOOKUP(A36,[68]EQUIPOS!A6:D163,4,FALSE) -> 12500 | M36: 2.5 | N36: =K36/M36 -> 5000
B41: HERRAMIENTA MENOR (%) | M41: 0.05 | N41: =N77*M41 -> 374.625
B43: SUBTOTAL $ | N43: =SUM(N36:N42) -> 5374.625
B45: II. MATERIALES
B47: DESCRIPCIÓN | J47: UNIDAD | K47: CANTIDAD | L47: PRECIO UNIT. | N47: Vr. UNITARIO
A48: B0014410 | B48: =VLOOKUP(A48,[68]MATERIALES!A5:D373,3,FALSE) -> Material seleccionado para Relleno | J48: =VLOOKUP(A48,[68]MATERIALES!A4:D640,2,FALSE) -> m3 | K48: 1.3 | M48: =VLOOKUP(A48,[68]MATERIALES!A5:D396,4,FALSE) -> 19730.56 | N48: =K48*M48 -> 25649.728
A49: B0063200 | B49: =VLOOKUP(A49,[68]MATERIALES!A6:D373,3,FALSE) -> Agua | J49: =VLOOKUP(A49,[68]MATERIALES!A5:D641,2,FALSE) -> lt | K49: 30 | M49: =VLOOKUP(A49,[68]MATERIALES!A6:D397,4,FALSE) -> 35.65649 | N49: =K49*M49 -> 1069.6947
B55: SUBTOTAL $ | N55: =SUM(N48:N54) -> 26719.423
B57: III. TRANSPORTES
B59: MATERIAL | H59: UNIDAD | I59: CANTIDAD (1) | J59: DISTANCIA (2) | K59: (1) * (2) | L59: TARIFA | N59: Vr. UNITARIO
A60: T0010062 | B60: =VLOOKUP(A60,[68]TRANSPORTE!A5:D117,3,FALSE) -> Transporte de material seleccionado para relleno | H60: m3km | I60: 1.3 | J60: 10 | K60: =I60*J60 -> 13 | L60: 1150 | N60: =K60*L60 -> 14950
B66: SUBTOTAL $ | N66: =N60+N61+N62+N63+N64 -> 14950
B68: IV. MANO DE OBRA
B70: TRABAJADOR | I70: JORNAL | J70: PRESTACIONES (%) | K70: JORNAL TOTAL | L70: RENDIMIENTO | N70: Vr. UNITARIO
A71: A0030030 | B71: =VLOOKUP(A71,'[68]MANO DE OBRA'!A8:D68,3,FALSE) -> Obrero (3) | I71: =K71/J71*100 -> 81000 | J71: 185 | K71: 149850 | M71: 20 | N71: =K71/M71 -> 7492.5
B77: SUBTOTAL $ | N77: =SUM(N71:N76) -> 7492.5
B79: TOTAL COSTO DIRECTO $ | N79: =N43+N55+N66+N77 -> 54536.548
B81: V. COSTOS INDIRECTOS
B83: Descripción | K83: Porcentaje | L83: Valor Total
B84: ADMINISTRACION | K84: 0.205 | L84: =N79*K84 -> 11179.992
B85: IMPREVISTOS | K85: 0.05 | L85: =N79*K85 -> 2726.8274
B86: UTILIDAD | K86: 0.05 | L86: =N79*K86 -> 2726.8274
B87: SUBTOTAL $ | N87: =L84+L85+L86 -> 16633.647
A89: PFinal01 | B89: Precio Unitario Total Aproximado al Peso $ | N89: =N79+N87 -> 71170.195
E94: Firma
E95: Nombre:
E96: Representante Legal del Contratista o su Apoderado
E97: Matricula No. :
B99: OBSERVACIONES INTERVENTORÍA:
B105: APROBACIÓN POR INTERVENTORÍA
B106: Nota 1: Cuando se trate de Análisis de precios unitarios correspondientes a ítems de la propuesta económica aprobada, el Interventor aprueba el desglose de los componentes manteniendo el mismo precio unitario de cada ítem, cumpliendo con las especificaciones de construcción vigentes para el proyecto.
B108: Nota 2: Cuando se trate de Análisis de precios unitarios de ítems no previstos, el Interventor aprueba el desglose y precio unitario de cada ítem no previsto, exigiendo la aplicación de los costos correspondientes a insumos y tarifas de la propuesta económica inicial cuando estén contemplados, cumpliendo con las especificaciones de construcción vigente para el proyecto.
E114: Firma
E115: Nombre:
E116: Representante Legal del Interventor o su Apoderado
E117: Matricula No. :
B119: Original: Archivo de Gestión del Contrato (Subdirección Administrativa).
B120: Copias: Unidad Ejecutora, Contratista, Interventor y Dirección Territorial.

Sheet 630.4
K1: CÓDIGO | L1: MINFRA-MN-IN-10-FR-1
C2: INSTITUTO NACIONAL DE VIAS
C3: PROCESO GESTIÓN DE LA INFRAESTRUCTURA VIAL | K3: VERSIÓN | L3: 1
C4: MANUAL DE INTERVENTORÍA OBRA PÚBLICA
C5: ANÁLISIS DE PRECIOS UNITARIOS | K5: PÁGINA | M5: DE
K8: FECHA
L9: (Día) | M9: (Mes) | N9: (Año)
B10: ITEMS DE LA PROPUESTA ECONÓMICA | F10: □ | I10: ITEMS NO PREVISTOS | K10: □
B11: UNIDAD EJECUTORA: | J11: DIRECCIÓN TERRITORIAL:
B14: CONTRATO No. | D14: DE
B15: OBJETO DEL CONTRATO: | D15: ATENCIÓN OBRAS DE EMERGENCIA EN LA VIA PUERTA DE HIERRO - MAGANGUE - YATI RUTA 7802 A CARGO DE INVIAS TERRITORIAL BOLIVAR
B18: CARRETERA: | J18: SECTOR:
B20: CONTRATISTA:
B22: INTERVENTOR: | K22: CTO No.: | M22: DE
B24: FECHA CIERRE PROCESO DE SELECCIÓN CONTRATO DE OBRA:
F25: (Día) | I25: (Mes) | J25: (Año)
B27: DATOS ESPECÍFICOS
B29: ITEM | C29: DESCRIPCIÓN | K29: GRUPO DE AJUSTE | L29: UNIDAD | N29: CANTIDAD
B30: ITEM | C30: DESCRIPCIÓN | L30: UNIDAD | N30: CANTIDAD
A31: Unidad | B31: 630.4 | C31: Concreto Resistencia 21MPa (D) | L31: m3
B33: I. EQUIPO
B35: DESCRIPCIÓN | I35: TIPO | K35: TARIFA/HORA | L35: RENDIMIENTO | N35: Vr. UNITARIO
A36: C0010010 | B36: =VLOOKUP(A36,[68]EQUIPOS!A6:D154,3,FALSE) -> Aspersor manual | K36: =VLOOKUP(A36,[68]EQUIPOS!A6:D163,4,FALSE) -> 3100 | M36: 2 | N36: =K36/M36 -> 1550
A37: C0010922 | B37: =VLOOKUP(A37,[68]EQUIPOS!A7:D154,3,FALSE) -> Vibrador de concreto, Motor de 3 hp a 18.000 rpm Mangueras de 4 mt | K37: =VLOOKUP(A37,[68]EQUIPOS!A7:D164,4,FALSE) -> 7180 | M37: 2 | N37: =K37/M37 -> 3590
B41: HERRAMIENTA MENOR (%) | M41: 0.05 | N41: =N77*M41 -> 1220.8909
B43: SUBTOTAL $ | N43: =SUM(N36:N42) -> 6360.8909
B45: II. MATERIALES
B47: DESCRIPCIÓN | J47: UNIDAD | K47: CANTIDAD | L47: PRECIO UNIT. | N47: Vr. UNITARIO
A48: B0123650 | B48: =VLOOKUP(A48,[68]MATERIALES!A5:D373,3,FALSE) -> Concreto Resistencia 21 (Mpa) | J48: =VLOOKUP(A48,[68]MATERIALES!A4:D640,2,FALSE) -> m3 | K48: 1 | M48: =VLOOKUP(A48,[68]MATERIALES!A5:D396,4,FALSE) -> 490000 | N48: =K48*M48 -> 490000
A49: B0063290 | B49: =VLOOKUP(A49,[68]MATERIALES!A6:D373,3,FALSE) -> Antisol blanco (presentación 20 kg) | J49: =VLOOKUP(A49,[68]MATERIALES!A5:D641,2,FALSE) -> kg | K49: 1 | M49: =VLOOKUP(A49,[68]MATERIALES!A6:D397,4,FALSE) -> 6231.5 | N49: =K49*M49 -> 6231.5
A50: B021001 | B50: =VLOOKUP(A50,[68]MATERIALES!A6:D373,3,FALSE) -> Formaleta (gaviones, juntas de bordillos, juntas de cunetas, muros, concretos clase D,E, F y G) | J50: =VLOOKUP(A50,[68]MATERIALES!A6:D642,2,FALSE) -> m2 | K50: 4.6 | M50: =VLOOKUP(A50,[68]MATERIALES!A6:D398,4,FALSE) -> 4267.0158 | N50: =K50*M50 -> 19628.273
B55: SUBTOTAL $ | N55: =SUM(N48:N54) -> 515859.77
B57: III. TRANSPORTES
B59: MATERIAL | H59: UNIDAD | I59: CANTIDAD (1) | J59: DISTANCIA (2) | K59: (1) * (2) | L59: TARIFA | N59: Vr. UNITARIO
A60: T0010009 | B60: =VLOOKUP(A60,[68]TRANSPORTE!A2:D117,3,FALSE) -> Transporte de concreto | H60: m3k | I60: 1 | J60: 60 | K60: =I60*J60 -> 60 | L60: 1150 | N60: =K60*L60 -> 69000
B66: SUBTOTAL $ | N66: =N60+N61+N62+N63+N64 -> 69000
B68: IV. MANO DE OBRA
B70: TRABAJADOR | I70: JORNAL | J70: PRESTACIONES (%) | K70: JORNAL TOTAL | L70: RENDIMIENTO | N70: Vr. UNITARIO
A71: A0030060 | B71: =VLOOKUP(A71,'[68]MANO DE OBRA'!A8:D68,3,FALSE) -> Obrero (6) | I71: =K71/J71*100 -> 162000 | J71: 185 | K71: 299700 | M71: 16 | N71: =K71/M71 -> 18731.25
A72: A0040010 | B72: =VLOOKUP(A72,'[68]MANO DE OBRA'!A8:D69,3,FALSE) -> Oficial | I72: =K72/J72*100 -> 49181.133 | J72: 185 | K72: 90985.097 | M72: 16 | N72: =K72/M72 -> 5686.5685
B77: SUBTOTAL $ | N77: =SUM(N71:N76) -> 24417.819
B79: TOTAL COSTO DIRECTO $ | N79: =N43+N55+N66+N77 -> 615638.48
B81: V. COSTOS INDIRECTOS
B83: Descripción | K83: Porcentaje | L83: Valor Total
B84: ADMINISTRACION | K84: 0.205 | L84: =N79*K84 -> 126205.89
B85: IMPREVISTOS | K85: 0.05 | L85: =N79*K85 -> 30781.924
B86: UTILIDAD | K86: 0.05 | L86: =N79*K86 -> 30781.924
B87: SUBTOTAL $ | N87: =L84+L85+L86 -> 187769.74
A89: PFinal01 | B89: Precio Unitario Total Aproximado al Peso $ | N89: =N79+N87 -> 803408.22
E94: Firma
E95: Nombre:
E96: Representante Legal del Contratista o su Apoderado
E97: Matricula No. :
B99: OBSERVACIONES INTERVENTORÍA:
B105: APROBACIÓN POR INTERVENTORÍA
B106: Nota 1: Cuando se trate de Análisis de precios unitarios correspondientes a ítems de la propuesta económica aprobada, el Interventor aprueba el desglose de los componentes manteniendo el mismo precio unitario de cada ítem, cumpliendo con las especificaciones de construcción vigentes para el proyecto.
B108: Nota 2: Cuando se trate de Análisis de precios unitarios de ítems no previstos, el Interventor aprueba el desglose y precio unitario de cada ítem no previsto, exigiendo la aplicación de los costos correspondientes a insumos y tarifas de la propuesta económica inicial cuando estén contemplados, cumpliendo con las especificaciones de construcción vigente para el proyecto.
E114: Firma
E115: Nombre:
E116: Representante Legal del Interventor o su Apoderado
E117: Matricula No. :
B119: Original: Archivo de Gestión del Contrato (Subdirección Administrativa).
B120: Copias: Unidad Ejecutora, Contratista, Interventor y Dirección Territorial.

Sheet 640.1
K1: CÓDIGO | L1: MINFRA-MN-IN-10-FR-1
C2: INSTITUTO NACIONAL DE VIAS
C3: PROCESO GESTIÓN DE LA INFRAESTRUCTURA VIAL | K3: VERSIÓN | L3: 1
C4: MANUAL DE INTERVENTORÍA OBRA PÚBLICA
C5: ANÁLISIS DE PRECIOS UNITARIOS | K5: PÁGINA | M5: DE
K8: FECHA
L9: (Día) | M9: (Mes) | N9: (Año)
B10: ITEMS DE LA PROPUESTA ECONÓMICA | F10: □ | I10: ITEMS NO PREVISTOS | K10: □
B11: UNIDAD EJECUTORA: | J11: DIRECCIÓN TERRITORIAL:
B14: CONTRATO No. | D14: DE
B15: OBJETO DEL CONTRATO: | D15: ATENCIÓN OBRAS DE EMERGENCIA EN LA VIA PUERTA DE HIERRO - MAGANGUE - YATI RUTA 7802 A CARGO DE INVIAS TERRITORIAL BOLIVAR
B18: CARRETERA: | J18: SECTOR:
B20: CONTRATISTA:
B22: INTERVENTOR: | K22: CTO No.: | M22: DE
B24: FECHA CIERRE PROCESO DE SELECCIÓN CONTRATO DE OBRA:
F25: (Día) | I25: (Mes) | J25: (Año)
B27: DATOS ESPECÍFICOS
B29: ITEM | C29: DESCRIPCIÓN | K29: GRUPO DE AJUSTE | L29: UNIDAD | N29: CANTIDAD
B30: ITEM | C30: DESCRIPCIÓN | L30: UNIDAD | N30: CANTIDAD
A31: Unidad | B31: 640.1 | C31: Acero de Refuerzo Fy 4200 MPa. | L31: kg
B33: I. EQUIPO
B35: DESCRIPCIÓN | I35: TIPO | K35: TARIFA/HORA | L35: RENDIMIENTO | N35: Vr. UNITARIO
A36: C0010170 | B36: =VLOOKUP(A36,[68]EQUIPOS!A6:D154,3,FALSE) -> Cizalla manual de 90 cm. | K36: =VLOOKUP(A36,[68]EQUIPOS!A6:D163,4,FALSE) -> 938.34796 | M36: 37.5 | N36: =K36/M36 -> 25.022612
B41: HERRAMIENTA MENOR (%) | M41: 0.02 | N41: =N78*M41 -> 14.578
B43: SUBTOTAL $ | N43: =SUM(N36:N42) -> 39.600612
B45: II. MATERIALES
B47: DESCRIPCIÓN | J47: UNIDAD | K47: CANTIDAD | L47: PRECIO UNIT. | N47: Vr. UNITARIO
A48: B0020003 | B48: =VLOOKUP(A48,[68]MATERIALES!A5:D373,3,FALSE) -> Acero PDR-60 | J48: =VLOOKUP(A48,[68]MATERIALES!A4:D640,2,FALSE) -> kg | K48: 1.05 | M48: =VLOOKUP(A48,[68]MATERIALES!A5:D396,4,FALSE) -> 3708 | N48: =K48*M48 -> 3893.4
A49: B026012 | B49: =VLOOKUP(A49,[68]MATERIALES!A6:D373,3,FALSE) -> Alambre Negro Para Amarre | J49: =VLOOKUP(A49,[68]MATERIALES!A5:D641,2,FALSE) -> kg | K49: 0.03 | M49: =VLOOKUP(A49,[68]MATERIALES!A6:D397,4,FALSE) -> 4120 | N49: =K49*M49 -> 123.6
B56: SUBTOTAL $ | N56: =SUM(N48:N55) -> 4017
B58: III. TRANSPORTES
B60: MATERIAL | H60: UNIDAD | I60: CANTIDAD (1) | J60: DISTANCIA (2) | K60: (1) * (2) | L60: TARIFA | N60: Vr. UNITARIO
A61: T0010001 | B61: =VLOOKUP(A61,[68]TRANSPORTE!A3:D117,3,FALSE) -> Transporte de acero | H61: kg/km | I61: 1.05 | J61: 35 | K61: =I61*J61 -> 36.75 | L61: 3.9 | N61: =K61*L61 -> 143.325
B67: SUBTOTAL $ | N67: =N61+N62+N63+N64+N65 -> 143.325
B69: IV. MANO DE OBRA
B71: TRABAJADOR | I71: JORNAL | J71: PRESTACIONES (%) | K71: JORNAL TOTAL | L71: RENDIMIENTO | N71: Vr. UNITARIO
A72: A0030010 | B72: =VLOOKUP(A72,'[68]MANO DE OBRA'!A8:D68,3,FALSE) -> Obrero | I72: =K72/J72*100 -> 27000 | J72: 185 | K72: 49950 | M72: 200 | N72: =K72/M72 -> 249.75
A73: A0040010 | B73: =VLOOKUP(A73,'[68]MANO DE OBRA'!A8:D69,3,FALSE) -> Oficial | I73: =K73/J73*100 -> 51800 | J73: 185 | K73: 95830 | M73: 200 | N73: =K73/M73 -> 479.15
B78: SUBTOTAL $ | N78: =SUM(N72:N77) -> 728.9
B80: TOTAL COSTO DIRECTO $ | N80: =N43+N56+N67+N78 -> 4928.8256
B82: V. COSTOS INDIRECTOS
B84: Descripción | K84: Porcentaje | L84: Valor Total
B85: ADMINISTRACION | K85: 0.205 | L85: =N80*K85 -> 1010.4093
B86: IMPREVISTOS | K86: 0.05 | L86: =N80*K86 -> 246.44128
B87: UTILIDAD | K87: 0.05 | L87: =N80*K87 -> 246.44128
B88: SUBTOTAL $ | N88: =L85+L86+L87 -> 1503.2918
A90: PFinal01 | B90: Precio Unitario Total Aproximado al Peso $ | N90: =N80+N88 -> 6432.1174
E95: Firma
E96: Nombre:
E97: Representante Legal del Contratista o su Apoderado
E98: Matricula No. :
B100: OBSERVACIONES INTERVENTORÍA:
B106: APROBACIÓN POR INTERVENTORÍA
B107: Nota 1: Cuando se trate de Análisis de precios unitarios correspondientes a ítems de la propuesta económica aprobada, el Interventor aprueba el desglose de los componentes manteniendo el mismo precio unitario de cada ítem, cumpliendo con las especificaciones de construcción vigentes para el proyecto.
B109: Nota 2: Cuando se trate de Análisis de precios unitarios de ítems no previstos, el Interventor aprueba el desglose y precio unitario de cada ítem no previsto, exigiendo la aplicación de los costos correspondientes a insumos y tarifas de la propuesta económica inicial cuando estén contemplados, cumpliendo con las especificaciones de construcción vigente para el proyecto.
E115: Firma
E116: Nombre:
E117: Representante Legal del Interventor o su Apoderado
E118: Matricula No. :
B120: Original: Archivo de Gestión del Contrato (Subdirección Administrativa).
B121: Copias: Unidad Ejecutora, Contratista, Interventor y Dirección Territorial.

Sheet 672.3
K1: CÓDIGO | L1: MINFRA-MN-IN-10-FR-1
C2: INSTITUTO NACIONAL DE VIAS
C3: PROCESO GESTIÓN DE LA INFRAESTRUCTURA VIAL | K3: VERSIÓN | L3: 1
C4: MANUAL DE INTERVENTORÍA OBRA PÚBLICA
C5: ANÁLISIS DE PRECIOS UNITARIOS | K5: PÁGINA | M5: DE
K8: FECHA
L9: (Día) | M9: (Mes) | N9: (Año)
B10: ITEMS DE LA PROPUESTA ECONÓMICA | F10: □ | I10: ITEMS NO PREVISTOS | K10: □
B11: UNIDAD EJECUTORA: | J11: DIRECCIÓN TERRITORIAL:
B14: CONTRATO No. | D14: DE
B15: OBJETO DEL CONTRATO: | D15: ATENCIÓN OBRAS DE EMERGENCIA EN LA VIA PUERTA DE HIERRO - MAGANGUE - YATI RUTA 7802 A CARGO DE INVIAS TERRITORIAL BOLIVAR
B18: CARRETERA: | J18: SECTOR:
B20: CONTRATISTA:
B22: INTERVENTOR: | K22: CTO No.: | M22: DE
B24: FECHA CIERRE PROCESO DE SELECCIÓN CONTRATO DE OBRA:
F25: (Día) | I25: (Mes) | J25: (Año)
B27: DATOS ESPECÍFICOS
B29: ITEM | C29: DESCRIPCIÓN | K29: GRUPO DE AJUSTE | L29: UNIDAD | N29: CANTIDAD
B30: ITEM | C30: DESCRIPCIÓN | L30: UNIDAD | N30: CANTIDAD
A31: Unidad | B31: 672.3 | C31: Bordillo de Concreto Vaciado In Situ; incluye la preparacion de la superficie de apoyo | L31: m
B33: I. EQUIPO
B35: DESCRIPCIÓN | I35: TIPO | K35: TARIFA/HORA | L35: RENDIMIENTO | N35: Vr. UNITARIO
B41: HERRAMIENTA MENOR (%) | M41: 0.05 | N41: =N75*M41 -> 147.815
B43: SUBTOTAL $ | N43: =SUM(N36:N42) -> 147.815
B45: II. MATERIALES
B47: DESCRIPCIÓN | J47: UNIDAD | K47: CANTIDAD | L47: PRECIO UNIT. | N47: Vr. UNITARIO
A48: B0014236 | B48: =VLOOKUP(A48,[68]MATERIALES!A5:D373,3,FALSE) -> Mortero 1:3 Para Anillos | J48: =VLOOKUP(A48,[68]MATERIALES!A4:D640,2,FALSE) -> m3 | K48: 0.002 | M48: =VLOOKUP(A48,[68]MATERIALES!A5:D396,4,FALSE) -> 295000 | N48: =K48*M48 -> 590
A49: B0123660 | B49: =VLOOKUP(A49,[68]MATERIALES!A6:D373,3,FALSE) -> Concreto Resistencia 14 (Mpa) | J49: =VLOOKUP(A49,[68]MATERIALES!A5:D641,2,FALSE) -> m3 | K49: 0.07 | M49: =VLOOKUP(A49,[68]MATERIALES!A6:D397,4,FALSE) -> 354939.24 | N49: =K49*M49 -> 24845.747
A50: B021001 | B50: =VLOOKUP(A50,[68]MATERIALES!A6:D373,3,FALSE) -> Formaleta (gaviones, juntas de bordillos, juntas de cunetas, muros, concretos clase D,E, F y G) | J50: =VLOOKUP(A50,[68]MATERIALES!A6:D642,2,FALSE) -> m2 | K50: 0.3 | M50: =VLOOKUP(A50,[68]MATERIALES!A6:D398,4,FALSE) -> 4267.0158 | N50: =K50*M50 -> 1280.1047
B53: SUBTOTAL $ | N53: =SUM(N48:N52) -> 26715.852
B55: III. TRANSPORTES
B57: MATERIAL | H57: UNIDAD | I57: CANTIDAD (1) | J57: DISTANCIA (2) | K57: (1) * (2) | L57: TARIFA | N57: Vr. UNITARIO
A58: T0010009 | B58: =VLOOKUP(A58,[68]TRANSPORTE!A1:D117,3,FALSE) -> Transporte de concreto | H58: m3/km | I58: 0.072 | J58: 30 | K58: =I58*J58 -> 2.16 | L58: 1200 | N58: =K58*L58 -> 2592
B64: SUBTOTAL $ | N64: =N58+N59+N60+N61+N62 -> 2592
B66: IV. MANO DE OBRA
B68: TRABAJADOR | I68: JORNAL | J68: PRESTACIONES (%) | K68: JORNAL TOTAL | L68: RENDIMIENTO | N68: Vr. UNITARIO
A69: A0030040 | B69: =VLOOKUP(A69,'[68]MANO DE OBRA'!A8:D68,3,FALSE) -> Obrero (4) | I69: =K69/J69*100 -> 108000 | J69: 185 | K69: 199800 | M69: 100 | N69: =K69/M69 -> 1998
A70: A0040010 | B70: =VLOOKUP(A70,'[68]MANO DE OBRA'!A8:D69,3,FALSE) -> Oficial | I70: =K70/J70*100 -> 51800 | J70: 185 | K70: 95830 | M70: 100 | N70: =K70/M70 -> 958.3
B75: SUBTOTAL $ | N75: =SUM(N69:N74) -> 2956.3
B77: TOTAL COSTO DIRECTO $ | N77: =N43+N53+N64+N75 -> 32411.967
B79: V. COSTOS INDIRECTOS
B81: Descripción | K81: Porcentaje | L81: Valor Total
B82: ADMINISTRACION | K82: 0.205 | L82: =N77*K82 -> 6644.4532
B83: IMPREVISTOS | K83: 0.05 | L83: =N77*K83 -> 1620.5983
B84: UTILIDAD | K84: 0.05 | L84: =N77*K84 -> 1620.5983
B85: SUBTOTAL $ | N85: =L82+L83+L84 -> 9885.6499
A87: PFinal01 | B87: Precio Unitario Total Aproximado al Peso $ | N87: =N77+N85 -> 42297.617
E92: Firma
E93: Nombre:
E94: Representante Legal del Contratista o su Apoderado
E95: Matricula No. :
B97: OBSERVACIONES INTERVENTORÍA:
B103: APROBACIÓN POR INTERVENTORÍA
B104: Nota 1: Cuando se trate de Análisis de precios unitarios correspondientes a ítems de la propuesta económica aprobada, el Interventor aprueba el desglose de los componentes manteniendo el mismo precio unitario de cada ítem, cumpliendo con las especificaciones de construcción vigentes para el proyecto.
B106: Nota 2: Cuando se trate de Análisis de precios unitarios de ítems no previstos, el Interventor aprueba el desglose y precio unitario de cada ítem no previsto, exigiendo la aplicación de los costos correspondientes a insumos y tarifas de la propuesta económica inicial cuando estén contemplados, cumpliendo con las especificaciones de construcción vigente para el proyecto.
E112: Firma
E113: Nombre:
E114: Representante Legal del Interventor o su Apoderado
E115: Matricula No. :
B117: Original: Archivo de Gestión del Contrato (Subdirección Administrativa).
B118: Copias: Unidad Ejecutora, Contratista, Interventor y Dirección Territorial.

Sheet 681.1
K1: CÓDIGO | L1: MINFRA-MN-IN-10-FR-1
C2: INSTITUTO NACIONAL DE VIAS
C3: PROCESO GESTIÓN DE LA INFRAESTRUCTURA VIAL | K3: VERSIÓN | L3: 1
C4: MANUAL DE INTERVENTORÍA OBRA PÚBLICA
C5: ANÁLISIS DE PRECIOS UNITARIOS | K5: PÁGINA | M5: DE
K8: FECHA
L9: (Día) | M9: (Mes) | N9: (Año)
B10: ITEMS DE LA PROPUESTA ECONÓMICA | F10: □ | I10: ITEMS NO PREVISTOS | K10: □
B11: UNIDAD EJECUTORA: | J11: DIRECCIÓN TERRITORIAL:
B14: CONTRATO No. | D14: DE
B15: OBJETO DEL CONTRATO: | D15: ATENCIÓN OBRAS DE EMERGENCIA EN LA VIA PUERTA DE HIERRO - MAGANGUE - YATI RUTA 7802 A CARGO DE INVIAS TERRITORIAL BOLIVAR
B18: CARRETERA: | J18: SECTOR:
B20: CONTRATISTA:
B22: INTERVENTOR: | K22: CTO No.: | M22: DE
B24: FECHA CIERRE PROCESO DE SELECCIÓN CONTRATO DE OBRA:
F25: (Día) | I25: (Mes) | J25: (Año)
B27: DATOS ESPECÍFICOS
B29: ITEM | C29: DESCRIPCIÓN | K29: GRUPO DE AJUSTE | L29: UNIDAD | N29: CANTIDAD
B30: ITEM | C30: DESCRIPCIÓN | L30: UNIDAD | N30: CANTIDAD
A31: Unidad | B31: 681.1 | C31: Gaviónes de Malla de Alambre de Acero Entrelazado Clase 1; recubrimiento de Zinc (galvanizado) | L31: m3
B33: I. EQUIPO
B35: DESCRIPCIÓN | I35: TIPO | K35: TARIFA/HORA | L35: RENDIMIENTO | N35: Vr. UNITARIO
B41: HERRAMIENTA MENOR (%) | M41: 0.05 | N41: =N77*M41 -> 1847.6875
B43: SUBTOTAL $ | N43: =SUM(N36:N41) -> 1847.6875
B45: II. MATERIALES
B47: DESCRIPCIÓN | J47: UNIDAD | K47: CANTIDAD | L47: PRECIO UNIT. | N47: Vr. UNITARIO
A48: B0014710 | B48: =VLOOKUP(A48,[68]MATERIALES!A5:D373,3,FALSE) -> Piedra para gavión | J48: =VLOOKUP(A48,[68]MATERIALES!A4:D640,2,FALSE) -> m3 | K48: 1.1 | M48: =VLOOKUP(A48,[68]MATERIALES!A5:D396,4,FALSE) -> 52500 | N48: =K48*M48 -> 57750
A49: B0073220 | B49: =VLOOKUP(A49,[68]MATERIALES!A6:D373,3,FALSE) -> Alambre galvanizado No. 12 | J49: =VLOOKUP(A49,[68]MATERIALES!A5:D641,2,FALSE) -> kg | K49: 1.15 | M49: =VLOOKUP(A49,[68]MATERIALES!A6:D397,4,FALSE) -> 4951.1753 | N49: =K49*M49 -> 5693.8516
A50: B021001 | B50: =VLOOKUP(A50,[68]MATERIALES!A6:D373,3,FALSE) -> Formaleta (gaviones, juntas de bordillos, juntas de cunetas, muros, concretos clase D,E, F y G) | J50: =VLOOKUP(A50,[68]MATERIALES!A6:D642,2,FALSE) -> m2 | K50: 2 | M50: =VLOOKUP(A50,[68]MATERIALES!A6:D398,4,FALSE) -> 4267.0158 | N50: =K50*M50 -> 8534.0315
A51: B033002 | B51: =VLOOKUP(A51,[68]MATERIALES!A6:D373,3,FALSE) -> Malla para gaviones (2M3) | J51: =VLOOKUP(A51,[68]MATERIALES!A6:D643,2,FALSE) -> u | K51: 0.5 | M51: =VLOOKUP(A51,[68]MATERIALES!A6:D399,4,FALSE) -> 60493.333 | N51: =K51*M51 -> 30246.666
B55: SUBTOTAL $ | N55: =SUM(N48:N54) -> 102224.55
B57: III. TRANSPORTES
B59: MATERIAL | H59: UNIDAD | I59: CANTIDAD (1) | J59: DISTANCIA (2) | K59: (1) * (2) | L59: TARIFA | N59: Vr. UNITARIO
A60: T0010094 | B60: =VLOOKUP(A60,[68]TRANSPORTE!A1:D117,3,FALSE) -> Transporte de piedra para gaviones | H60: m3/km | I60: 1.1 | J60: 30 | K60: =I60*J60 -> 33 | L60: 1200 | N60: =K60*L60 -> 39600
B66: SUBTOTAL $ | N66: =N60+N61+N62+N63+N64 -> 39600
B68: IV. MANO DE OBRA
B70: TRABAJADOR | I70: JORNAL | J70: PRESTACIONES (%) | K70: JORNAL TOTAL | L70: RENDIMIENTO | N70: Vr. UNITARIO
A71: A0030040 | B71: =VLOOKUP(A71,'[68]MANO DE OBRA'!A8:D68,3,FALSE) -> Obrero (4) | I71: =K71/J71*100 -> 108000 | J71: 185 | K71: 199800 | M71: 8 | N71: =K71/M71 -> 24975
A72: A0040010 | B72: =VLOOKUP(A72,'[68]MANO DE OBRA'!A8:D69,3,FALSE) -> Oficial | I72: =K72/J72*100 -> 51800 | J72: 185 | K72: 95830 | M72: 8 | N72: =K72/M72 -> 11978.75
B77: SUBTOTAL $ | N77: =SUM(N71:N76) -> 36953.75
B79: TOTAL COSTO DIRECTO $ | N79: =N43+N55+N66+N77 -> 180625.99
B81: V. COSTOS INDIRECTOS
B83: Descripción | K83: Porcentaje | L83: Valor Total
B84: ADMINISTRACION | K84: 0.205 | L84: =N79*K84 -> 37028.327
B85: IMPREVISTOS | K85: 0.05 | L85: =N79*K85 -> 9031.2993
B86: UTILIDAD | K86: 0.05 | L86: =N79*K86 -> 9031.2993
B87: SUBTOTAL $ | N87: =L84+L85+L86 -> 55090.926
A89: PFinal01 | B89: Precio Unitario Total Aproximado al Peso $ | N89: =N79+N87 -> 235716.91
E94: Firma
E95: Nombre:
E96: Representante Legal del Contratista o su Apoderado
E97: Matricula No. :
B99: OBSERVACIONES INTERVENTORÍA:
B105: APROBACIÓN POR INTERVENTORÍA
B106: Nota 1: Cuando se trate de Análisis de precios unitarios correspondientes a ítems de la propuesta económica aprobada, el Interventor aprueba el desglose de los componentes manteniendo el mismo precio unitario de cada ítem, cumpliendo con las especificaciones de construcción vigentes para el proyecto.
B108: Nota 2: Cuando se trate de Análisis de precios unitarios de ítems no previstos, el Interventor aprueba el desglose y precio unitario de cada ítem no previsto, exigiendo la aplicación de los costos correspondientes a insumos y tarifas de la propuesta económica inicial cuando estén contemplados, cumpliendo con las especificaciones de construcción vigente para el proyecto.
E114: Firma
E115: Nombre:
E116: Representante Legal del Interventor o su Apoderado
E117: Matricula No. :
B119: Original: Archivo de Gestión del Contrato (Subdirección Administrativa).
B120: Copias: Unidad Ejecutora, Contratista, Interventor y Dirección Territorial.
